← All builds
Tech / Armada / Economy first / OBSERVED BUILD

Fast fusion

Armada Tech (Eco) build order · Supreme Isthmus

Standard T2 rush economy build that adds an earlier Fusion Reactor around 8:52 to scale power sooner, with units fighting only on the team's own side afterward.

Usually first T2 con to Geo (82%)

#eco #t2 · 178 distinct matches · 61 players · 6% of Armada Tech games · team won 59% of 184 · Recently observed

THE CATCH, AND WHAT COMES WITH IT
  • Fusion ReactorFusion Reactor from 8:52 · 12% of role by thenOnly 12% of Tech games have it by then; others who build it get it around 11:21

Then transitions into anti-nuke (30% of army).

HOW TO PLAY IT

Key timing: Fusion Reactor by 10:00

  1. Run the standard T2 rush opening with Bot Lab then Advanced Bot Lab.
  2. Get the Advanced Bot Lab up on the usual fast timing.
  3. Upgrade to Advanced Metal Extractor on the normal schedule.
  4. Transition into the typical Citadel anti-nuke and Armageddon nuke silo army.
  5. Push an early Fusion Reactor, well ahead of the role's usual 12:03.

Phase by phase

TYPICAL OF ITS 178 GAMES · AGAINST STANDARD TECH
  1. 1
  2. 2
  3. 3
  4. 4
  5. 5
PLAY THE OPENING

Follow the example game's first 9:52 step by step: what to build now, what comes next, and where it goes. At 1× it keeps pace with your own game.

  1. 1

    Up to the Bot Lab

    Economy
    • Metal Extractor3Mex
    • Wind Turbine4Wind
    Order
    1. Bot LabBot Lab after 3 mex, 4 winddone ~1:16, middle half 1:09–1:30

    By 0:59 in all: 3 mex · 4 wind

    The example game in this phase · 3 steps
    1. Mex ×3
    2. Wind ×3
    3. Bot LabBot Labdone 1:08 · typical 1:16
  2. 2

    Bot Lab to Advanced Bot Lab

    Economy
    • Metal Extractor1Mex
    • Wind Turbine9Wind
    • Energy Storage1Energy storage
    Order
    1. Advanced Bot LabAdvanced Bot Lab after 4 mex, 12 wind, 3 con turretdone ~4:15, middle half 4:03–4:28
    Builders
    • Construction Turret3 Con turret
    • Lazarus4 Lazarus
    • Construction Bot2 Con bot
    • Construction Bot1 Con bot for allies

    Some games also: converter (45%)

    By 3:13 in all: 4 mex · 12 wind · 1 energy storage · 3 con turret

    The example game in this phase · 13 steps
    1. Wind
    2. LazarusLazarus ×3
    3. Construction BotCon bot
    4. Construction BotCon botfor Air
    5. Construction BotCon bot ×2
    6. Con turret
    7. Wind
    8. Mex
    9. Con turret
    10. Wind ×3
    11. Energy storage
    12. Wind
    13. Advanced Bot LabAdvanced Bot Labdone 3:44 · typical 4:15
  3. 3

    Advanced Bot Lab to 5:00

    Economy
    • Wind Turbine3Wind
    Order
    1. Bot LabEat Bot Lab
    Builders
    • Advanced Construction Bot1 T2 con bot for allies

    Some games also: converter (48%)

    By 5:00 in all: 4 mex · 17 wind · 2 converter · 1 energy storage · 3 con turret

    The example game in this phase · 4 steps
    1. Bot LabEat Bot Labreclaimed for its metal
    2. Advanced Construction BotT2 con botfor Geo
    3. Advanced Metal ExtractorT2 mex ×2done 4:22 · typical 5:20
    4. Advanced Construction BotT2 con botfor Pond
  4. 4

    5:00 to Fusion Reactor

    Economy
    • Wind Turbine26Wind
    • Energy Converter4Converter+3 vs standard
    Order
    1. Fusion ReactorFusion Reactor after 4 mex, 43 wind, 7 converterdone ~10:12, middle half 9:50–10:42
    Builders
    • Butler8 Butler +3 vs standard
    • Advanced Construction Bot3 T2 con bot for allies
    • Advanced Construction Bot1 T2 con bot

    Some games also: con turret (48%)

    By 8:52 in all: 4 mex · 43 wind · 7 converter (standard 4) · 1 energy storage · 3 con turret

    The example game in this phase · 48 steps
    1. Advanced Metal ExtractorT2 mex
    2. Advanced Construction BotT2 con botfor Air
    3. Wind ×5
    4. ButlerButler
    5. Advanced Construction BotT2 con botfor Geo sea
    6. Wind
    7. ButlerButler
    8. Wind
    9. ButlerButler
    10. Wind
    11. Advanced Metal ExtractorT2 mex
    12. ButlerButler
    13. Advanced Construction BotT2 con botfor Beach sea
    14. Wind ×3
    15. ButlerButler
    16. Wind
    17. ButlerButler
    18. Wind ×3
    19. ButlerButler
    20. Wind ×4
    21. ButlerButler
    22. Wind ×3
    23. ButlerButler
    24. Wind ×3
    25. ButlerButler
    26. Wind ×3
    27. ButlerButler
    28. Wind
    29. Converter
    30. Wind ×2
    31. ButlerButler
    32. Wind ×2
    33. Converter
    34. ButlerButler
    35. Wind ×2
    36. Converter
    37. Wind ×2
    38. Converter ×2
    39. Wind
    40. Advanced Construction BotT2 con bot
    41. Wind ×2
    42. Converter
    43. Wind
    44. Converter
    45. Wind ×2
    46. Converter
    47. Wind
    48. Fusion ReactorFusiondone 9:21 · typical 10:12
  5. 5

    Fusion Reactor to 15:00

    Economy
    • Wind Turbine86Wind−64 vs standard
    • Energy Converter48Converter
    Order
    1. Advanced Bot LabEat Advanced Bot Lab
    2. Fusion ReactorFusion after 86 wind, 18 converter, 7 con turretin 63% of games
    Builders
    • Construction Turret10 Con turret +3 vs standard

    Some games also: anti-nuke (48%) · Advanced Fusion Reactor (39%) · Aircraft Plant (38%) · metal storage (35%) · Butler (32%)

    The standard build makes here, this one skips: 6 Butler

    By 15:00 in all: 4 mex · 132 wind (standard 186) · 2 fusion · 56 converter · 1 energy storage · 1 metal storage

    The example game in this phase · 153 steps
    1. Converter
    2. Advanced Bot LabEat Advanced Bot Labreclaimed for its metal
    3. Fusion ReactorFusion
    4. Converter ×2
    5. Wind ×2
    6. Converter ×2
    7. Wind
    8. Converter ×2
    9. Wind ×2
    10. Converter ×2
    11. Wind
    12. Converter
    13. Wind
    14. Converter ×2
    15. Wind
    16. Converter ×2
    17. Wind ×2
    18. Converter
    19. Wind
    20. Converter
    21. Wind ×2
    22. Converter
    23. Wind
    24. Converter ×2
    25. Wind
    26. T2 converter
    27. Wind
    28. Con turret
    29. Wind
    30. Converter ×2
    31. Wind ×3
    32. Con turret
    33. Converter
    34. Wind
    35. Converter
    36. Wind ×2
    37. Converter ×2
    38. Con turret
    39. Wind ×2
    40. Converter
    41. Wind
    42. Con turret
    43. Converter
    44. Wind ×2
    45. Converter
    46. Wind ×2
    47. Converter
    48. Wind ×2
    49. Converter ×2
    50. Wind
    51. Converter
    52. Wind ×2
    53. Converter
    54. Wind ×2
    55. Converter
    56. Wind
    57. Converter
    58. Wind ×2
    59. Converter
    60. Wind
    61. Converter ×2
    62. Wind
    63. Advanced Fusion ReactorAdvanced Fusion Reactordone 13:51
    64. Wind ×2
    65. Converter
    66. Wind
    67. Converter
    68. Wind ×2
    69. Con turret
    70. Converter
    71. Wind
    72. Converter
    73. Wind
    74. Con turret
    75. Wind ×2
    76. Converter ×2
    77. Wind
    78. Converter
    79. Wind ×2
    80. Converter
    81. Wind
    82. Converter
    83. Wind ×2
    84. Converter
    85. Wind ×2
    86. Converter
    87. Wind ×2
    88. Converter ×2
    89. Wind ×2
    90. Converter
    91. Con turret
    92. Wind ×2
    93. Converter ×2
    94. Wind
    95. Con turret
    96. Wind ×2
    97. Con turret
    98. Converter ×2
    99. Wind
    100. Converter
    101. Wind ×3
    102. Converter ×2
    103. Con turret
    104. Wind ×3
    105. Converter ×2
    106. Wind ×3
    107. Converter ×2
    108. Wind
    109. Converter
    110. Wind ×3
    111. Converter ×2
    112. Wind ×3
    113. Converter
    114. Wind
    115. Converter
    116. Wind ×2
    117. Converter ×2
    118. Wind
    119. Converter
    120. Wind ×3
    121. Converter ×2
    122. Wind ×3
    123. Converter
    124. Wind
    125. Converter
    126. Wind
    127. Converter
    128. Wind
    129. Converter
    130. Wind ×2
    131. Converter
    132. Wind ×2
    133. Converter ×2
    134. Wind ×3
    135. Converter ×3
    136. Wind ×2
    137. CitadelAnti-nukedone 14:13
    138. Converter
    139. Wind ×2
    140. Converter
    141. Wind ×2
    142. Converter ×2
    143. Wind ×2
    144. Converter
    145. Wind ×2
    146. Converter ×2
    147. Wind ×2
    148. Converter
    149. Wind ×2
    150. Converter
    151. Wind ×2
    152. Converter ×2
    153. Wind ×2

Counts are medians over the build's games: half of them build more, half fewer. The example game is DonGarillo's (33 OS, 02/10/2026); pick another.

Team trades

IN AT LEAST 30% OF ITS GAMES

You hand over

  • Construction Bot1 Con bot to Airfirst at 2:22 · in 84% of games
  • Advanced Construction Bot5 T2 con bot to Air or Pond or Beach seafirst at 4:47 · in 100% of games

You get

  • Hercules1 Light transport from Airfirst at 3:55 · in 85% of games

How it plays out

Typical game of this build against the role’s standard build, running totals by minute

  • This build
  • Standard tech

Metal produced

020k40k
0:005:0010:0015:00

metal

Enemy metal destroyed

050100150
0:005:0010:0015:00

metal

Own metal lost

050100150
0:005:0010:0015:00

metal

184 games.

Show as table
ByMetal produced: This buildMetal produced: Standard techEnemy metal destroyed: This buildEnemy metal destroyed: Standard techOwn metal lost: This buildOwn metal lost: Standard tech
1:003843830000
2:009179150000
3:00168816520000
4:00319731440000
5:00487948480000
6:00595858020000
7:00767472320000
8:00975890640000
9:0012179111770000
10:0015809135130000
11:0019815162420000
12:0023416196560000
13:0027140234260000
14:00309572728600074
15:003590631503011075130
WHAT THE NUMBERS SAY

Won more often than the standard build and pulled well ahead on metal production with almost no combat losses either way.

  • + Metal production at 15:00 reaches 36430 vs 31668 standard.
  • + Won more often than the standard build (60% vs 53%).
  • − Enemy metal destroyed by 15:00 is lower than standard (39 vs 266).
  • − Fusion push is purely economic, offering no early combat payoff.
THE EXAMPLE YOU ARE READING

DonGarillo

33.0 OS · 02/10/2026

Open source match ↗

2 received units
1670 metal received · 110828 energy received

Allied construction assistance is unknown. Timings are observations, not a promise of solo reproducibility.

Typical milestones

Bot Lab1:16Middle 50%: 1:09–1:30 · n=184
Advanced Bot Lab4:15Middle 50%: 4:03–4:28 · n=184
Advanced Metal Extractor5:20Middle 50%: 5:00–5:40 · n=184
Fusion Reactor10:12Middle 50%: 9:50–10:42 · n=171

Played most by

Teaner31games of this buildKOT_11games of this buildSyphos11games of this build[Grump]Grumpiness9games of this buildhaaven8games of this build